 Dungeon Crawl Stone Soup version 0.30-a0-845-g7c6808c8ce (webtiles) character file.

Game seed: 13943023341589801998

1 qeuew the Grave Robber (level 1, 0/13 HPs)
             Began as a Mummy Necromancer on Mar 2, 2023.
             Slain by a jackal (1 damage)
             ... on level 1 of the Dungeon.
             The game lasted 00:00:49 (92 turns).

qeuew the Grave Robber (Mummy Necromancer)            Turns: 92, Time: 00:00:50

Health: 0/13       AC:  2    Str: 11    XL:     1   Next: 16%
Magic:  4/4        EV: 12    Int: 14    God:
Gold:   0          SH:  0    Dex: 12    Spells: 4/5 levels left

rFire   x . .      SeeInvis .    b - +0 dagger
rCold   + . .      Faith    +    (no shield)
rNeg    + + +      Spirit   .    a - +0 robe
rPois   ∞          Reflect  .    (no helmet)
rElec   .          Rampage  .    (no cloak)
rCorr   .                        (no gloves)
Will    .....                    (no boots)
Stlth   ++                       (no amulet)
HPRegen 0.22/turn                (no ring)
MPRegen 0.09/turn                (no ring)

@: no status effects
A: cold resistance 1, negative energy resistance 3, torment resistance 2, heat
vulnerability 1, no potions, faith
a: no special abilities


You were on level 1 of the Dungeon.
You visited 1 branch of the dungeon, and saw 1 of its levels.

Inventory:

Hand Weapons
 b - a +0 dagger (weapon)
Armour
 a - a +0 robe (worn)
Scrolls
 c - a scroll of enchant weapon {unknown}


   Skills:
 + Level 0.0 Short Blades
 + Level 0.0 Armour
 + Level 1.6 Dodging
 + Level 1.5 Stealth
 * Level 2.7 Spellcasting
 + Level 4.0 Necromancy


You had 4 spell levels left.
You knew the following spells:

 Your Spells              Type           Power      Damage    Failure   Level
a - Necrotise             Necr           52%        1d6       4%          1

Your spell library contained the following spells:

 Spells                   Type           Power      Damage    Failure   Level
 Vampiric Draining        Necr           13%        2d6       13%         3
 Animate Dead             Necr           13%        N/A       38%         4
 Agony                    Necr           13%        N/A       75%         5


Dungeon Overview and Level Annotations

Branches:
Dungeon (1/15)

Altars:


Innate Abilities, Weirdness & Mutations

You are immune to poison.
Your flesh is cold resistant. (rC+)
You are immune to negative energy. (rN+++)
You are immune to unholy pain and torment.
You are vulnerable to heat. (rF-)
You do not drink.
You have a special connection with the divine. (Faith)


Message History

You hear a shout!
You see here a frilled lizard corpse.
The jackal barks!
You hear an angry hiss.
A jackal comes into view.
You closely miss the jackal.
The jackal barks!
The jackal bites you but does no damage.
A hobgoblin comes into view.
A ball python comes into view.
You closely miss the jackal.
A jackal comes into view.
The jackal closely misses you.
A dart slug comes into view.
The jackal bites you.
The ball python hisses angrily.
You hit the jackal.
The jackal is lightly wounded.
The jackal closely misses you. The dart slug launches a dart at you.
The slug dart hits you.
You hit the jackal.
The jackal is moderately wounded.
The jackal bites you.
An endoplasm comes into view.
The endoplasm quivers.
You hit the jackal but do no damage.
The jackal is moderately wounded.
The rat bites you. The jackal closely misses you.
You hit the jackal.
The jackal is heavily wounded.
The jackal closely misses you. The jackal barely misses you.
The endoplasm jiggles.
The rat closely misses you.
You barely miss the jackal.
The jackal is heavily wounded.
The jackal bites you. The rat barely misses you. The jackal bites you.
* * * LOW HITPOINT WARNING * * *
The jackal bites you.
* * * LOW HITPOINT WARNING * * *
The jackal bites you.
You die...

.... ... .S. . .....
#J. .. ...#.
#g####... .....#####
#h#....
.........#######hrw#
...............h@h#
##.....#####.###†##
.#.....#...#.###.#
.#....(#.8.#.....#
.#.....#...#.###.#
##.....#####.###.#
.[...............#
.............#...#
....<.."............


You could see a dart slug, an endoplasm, 4 jackals, a hobgoblin, a ball python
and a rat.

Vanquished Creatures
  A frilled lizard (D:1)
  A kobold (D:1)
2 creatures vanquished.

Notes
Turn   | Place    | Note
-------+----------+-------------------------------------------
     0 | D:1      | qeuew the Mummy Necromancer began the quest for the Orb.
     0 | D:1      | Reached XP level 1. HP: 13/13 MP: 4/4
    92 | D:1      | Slain by a jackal

Illustrated notes

Levels and vault maps discovered:
D:1:      minmay_arrival_glassed_features, layout_rooms

Action                     || total
---------------------------++-------
  Melee: Dagger            ||    10
         Unarmed           ||     8
   Cast: Necrotise         ||     5
 Armour: Robe              ||     4
  Dodge: Dodged            ||    13

Table legend: (Time is in decaauts)
 A = Elapsed time spent in this place.
 B = Non-inter-level travel time spent in this place.
 C = Inter-level travel time spent in this place.
 D = Time resting spent in this place.
 E = Time spent auto-exploring this place.
 F = Levels seen in this place.
 G = Mean time per level.
                   A        B        C        D        E       F      G
               +--------+--------+--------+--------+--------+-----+--------+
         Total |     91 |     91 |      0 |      0 |     56 |   1 |   91.0 |
       Dungeon |     91 |     91 |      0 |      0 |     56 |   1 |   91.0 |
               +--------+--------+--------+--------+--------+-----+--------+

Top non-repeatable levels by time:
     D:1: 91 daAuts
